 Dungeon Crawl Stone Soup version 0.31-a0-931-g7b59d4eb97 (webtiles) character file.

Game seed: 351767625310139857

95 Error4North the Ruffian (level 4, 0/36 HPs)
             Began as a Demigod Shapeshifter on Oct 20, 2023.
             Slain by a gnoll
             ... wielding a +0 spear
              (3 damage)
             ... on level 3 of the Dungeon.
             The game lasted 00:07:13 (1789 turns).

Error4North the Ruffian (Demigod Shapeshifter)      Turns: 1789, Time: 00:07:14

Health: 0/36       AC:  2    Str: 25    XL:     4   Next: 17%
Magic:  6/6        EV: 12    Int: 12    God:
Gold:   153        SH:  0    Dex: 13    Spells: 3/3 levels left

rFire   + .          .
                       - Unarmed
rCold   + . .        (no shield)
rNeg    . . .        a - +0 animal skin
rPois   +            (helmet currently unavailable)
rElec   +            (cloak currently unavailable)
rCorr   +            (gloves currently unavailable)
SInv    .            (boots currently unavailable)
Will    .....        q - amulet of regeneration
Stlth   +            n - +6 ring of strength
HPRegen 1.06/turn    (no ring)
MPRegen 0.10/turn

%: no passive effects
@: beast-form, resistant
A: beast (slay +1), high MP 1, forlorn, divine attributes
a: Begin Untransformation


You were on level 3 of the Dungeon.
You were a hulking beast.
You visited 1 branch of the dungeon, and saw 3 of its levels.

You collected 153 gold pieces.

Inventory:

Missiles
 h - 3 darts of dispersal
 p - 4 javelins (quivered)
 s - 6 boomerangs
Armour
 a - a +0 animal skin (worn)
Jewellery
 n - a +6 ring of strength (left hand)
 q - an amulet of regeneration (around neck)
Talismans
 c - a beast talisman (active)
 d - a flux talisman
 u - a maw talisman
Scrolls
 f - 3 scrolls of identify {unknown}
 g - a scroll of noise {unknown}
 i - 2 scrolls of enchant weapon {unknown}
 l - a scroll of amnesia {unknown}
 o - 2 scrolls of blinking {unknown}
 v - a scroll of fear {unknown}
 w - a scroll of brand weapon {unknown}
Potions
 b - a potion of lignification
 e - a potion of resistance
 j - 2 potions of heal wounds {unknown}
 k - 2 potions of curing {unknown}
 m - a potion of berserk rage {unknown}
 r - a potion of might {unknown}
 t - a potion of mutation {unknown}


   Skills:
 * Level 1.7 Fighting
 * Level 2.2 Dodging
 + Level 3.7 Unarmed Combat
 * Level 3.2 Shapeshifting


You had 3 spell levels left.
You didn't know any spells.
Your spell library contained the following spells:

 Spells                   Type           Power      Damage    Failure   Level
 Kiss of Death            Conj/Necr      0%         2d5       32%         1
 Sandblast                Erth           0%         2d4       32%         1
 Passwall                 Tmut/Erth      0%         N/A       45%         2
 Confusing Touch          Hex            0%         N/A       69%         3
 Hailstorm                Conj/Ice       0%         3d3       69%         3
 Stone Arrow              Conj/Erth      0%         3d7       69%         3
 Brom's Barrelling Bould  Conj/Erth      0%         2d3       97%         4
 Dispel Undead            Necr           0%         3d6       97%         4
 Summon Ice Beast         Ice/Summ       0%         N/A       97%         4
 Simulacrum               Ice/Necr       0%         N/A       100%        6


Dungeon Overview and Level Annotations

Branches:
Dungeon (3/15)


Innate Abilities, Weirdness & Mutations

You are a hulking beast.
Your limbs bulge with bestial killing power. (Slay +1)
You have an increased reservoir of magic. (+10% MP)
You shall have no god before yourself.
Your divine heritage dramatically boosts your attributes as you level up.


Message History

f - 3 scrolls labelled BYPYVU ZUICIB (gained 1)
You hit the quokka.
The quokka is heavily wounded.
The quokka misses you.
You barely miss the quokka. You punch the quokka.
You kill the quokka!
w - a scroll labelled ATOAWY KUCALL A goblin and a gnoll come into view.
The goblin shouts!
A gnoll comes into view. It is wielding a +0 whip.
The goblin barely misses you.
You closely miss the goblin. The goblin barely misses you.
You closely miss the goblin. The goblin hits you but does no damage.
You barely miss the goblin. The goblin hits you with a +0 club.
You barely miss the goblin. The goblin hits you but does no damage.
You punch the goblin!
You kill the goblin!
Things that are here:
a +0 club; a goblin corpse
Found a hand axe.
A gnoll comes into view. It is wielding a +0 halberd.
The gnoll moves out of view.
The gnoll shouts! x2
Things that are here:
a +0 club; a goblin corpse The gnoll hits you from afar with a +0 spear!
The gnoll hits you from afar with a +0 halberd.
The gnoll hits you with a +0 spear!
You closely miss the gnoll.
The gnoll hits you from afar with a +0 halberd.
The gnoll hits you with a +0 spear.
* * * LOW HITPOINT WARNING * * *
You hit the gnoll.
The gnoll is moderately wounded.
The gnoll hits you from afar with a +0 halberd!
* * * LOW HITPOINT WARNING * * *
It was a potion of resistance.
You feel protected. The gnoll hits you with a +0 spear.
You die...

8.8........#
......g....#
....#......#######
....# ###.........
....# #........)
....# #g........
....# #.........
....# #.###########
....#####.....ggh...#
....##....#########.#
....##....#### .#
.............# .#
...#########.# .#
...# #....##.# .#
...###....##.# .#
.....'....##.# .#
#..###.......#


You could see 2 gnolls.

Vanquished Creatures
  3 adders
  An orc (D:2)
  3 endoplasms
  4 giant cockroaches
  5 goblins
  12 hobgoblins
  7 jackals (D:1)
  7 kobolds
  3 quokkas
  5 ball pythons
  3 bats
  4 frilled lizards
  4 rats
61 creatures vanquished.

Notes
Turn   | Place    | Note
-------+----------+-------------------------------------------
     0 | D:1      | Error4North the Demigod Shapeshifter began the quest for
                  | the Orb.
     0 | D:1      | Reached XP level 1. HP: 15/15 MP: 3/3
    82 | D:1      | Reached skill level 1 in Fighting
   174 | D:1      | Reached XP level 2. HP: 16/23 MP: 4/4
   520 | D:1      | Reached XP level 3. HP: 15/28 MP: 5/5
   859 | D:2      | Identified the +8 short sword of the Unstoppable Eyes
                  | {holy, Str+2 SInv}
  1138 | D:2      | Identified the +6 war axe "Oshuci" {heavy, rF+ Dex+2
                  | Stlth-}
  1490 | D:3      | Reached XP level 4. HP: 30/36 MP: 6/6
  1789 | D:3      | Slain by a gnoll

Illustrated notes

Levels and vault maps discovered:
D:1:      spicycebolla_arrival_xxxplode, layout_rooms
D:2:      layout_loops_ring
D:3:      layout_basic, general_overflow_altar, grunt_dithmenos_smoke,
          xom_redecorated, nicolae_uskayaw_dance_hall

Skill      XL: |  1  2 |
---------------+-------+-----
Fighting       | 1 |  1.7
Shapeshifting  | 3 |  3.2
Unarmed Combat | 3 |  3.7
Dodging        | 2 |  2.2

Action                     |  1- 3 |  4- 6 || total
---------------------------+-------+-------++-------
  Melee: Unarmed           |   144 |    31 ||   175
         Punch             |     4 |     1 ||     5
    Use: Potion            |       |     1 ||     1
   Stab: Sleeping          |       |     1 ||     1
 Armour: Animal skin       |    64 |    17 ||    81
  Dodge: Dodged            |    90 |    12 ||   102

Table legend: (Time is in decaauts)
 A = Elapsed time spent in this place.
 B = Non-inter-level travel time spent in this place.
 C = Inter-level travel time spent in this place.
 D = Time resting spent in this place.
 E = Time spent auto-exploring this place.
 F = Levels seen in this place.
 G = Mean time per level.
                   A        B        C        D        E       F      G
               +--------+--------+--------+--------+--------+-----+--------+
         Total |   1777 |   1738 |     39 |    162 |   1011 |   3 |  592.3 |
       Dungeon |   1777 |   1738 |     39 |    162 |   1011 |   3 |  592.3 |
               +--------+--------+--------+--------+--------+-----+--------+

Top non-repeatable levels by time:
     D:1: 720 daAuts
     D:2: 709 daAuts
     D:3: 346 daAuts
